 Dungeon Crawl Stone Soup version 0.15.0-23-gc2b521c (console) character file.

5392 gw the Slicer (level 10, -5/66 HPs)
             Began as a Kobold Gladiator on Sept 8, 2014.
             Was a High Priest of Trog.
             Killed by divine providence
             ... invoked by an orc priest
              (13 damage)
             ... on Level 10 of the Dungeon.
             The game lasted 00:09:30 (11690 turns).

gw the Slicer (Kobold Gladiator)                   Turns: 11690, Time: 00:09:30

HP  -5/66        AC 15     Str 15      XL: 10   Next: 98%
MP   0/10        EV 19     Int  6      God: Trog [*****.]
Gold 0           SH  0     Dex 19      Spells:  0 memorised,  9 levels left

rFire  . . .     SeeInvis .     a - +2 quick blade
rCold  . . .     Clarity  .     l - +0 ring mail
rNeg   . . .     rCorr    .     (no shield)
rPois  .         rRot     .     c - +2 helmet
rElec  .         Spirit   +     (no cloak)
SustAb .         Warding  .     (no gloves)
rMut   .         Stasis   .     A - +1 pair of boots
Gourm  .                        x - amulet of guardian spirit
MR     .....                    u - +5 ring of protection
                                p - ring of regeneration

@: exhausted, slowed, very slow, not resistant to hostile enchantments, very
unstealthy
A: carnivore 3
a: Burn Spellbooks, Berserk, Trog's Hand, Brothers in Arms, Renounce Religion


You were on level 10 of the Dungeon.
You worshipped Trog.
Trog was extremely pleased with you.
You were full.

You visited 1 branch of the dungeon, and saw 10 of its levels.

Inventory:

Hand weapons
 a - a +2 quick blade (weapon)
Missiles
 b - 11 poisoned bolts
 d - 3 throwing nets
 m - 9 steel bolts
 q - 48 bolts
Armour
 c - a +2 helmet (worn)
 l - a +0 ring mail (worn)
 A - a +1 pair of boots (worn)
Magical devices
 w - a wand of confusion (9)
 z - a wand of disintegration (6)
Comestibles
 f - 10 meat rations
 g - 6 beef jerkies
 o - a royal jelly
 t - 8 slices of pizza
Scrolls
 e - a scroll of noise
 j - 2 scrolls of remove curse
 k - a scroll of magic mapping
 n - 6 scrolls of identify
 v - a scroll of recharging
Jewellery
 p - a ring of regeneration (left hand)
 u - a +5 ring of protection (right hand)
 x - an amulet of guardian spirit (around neck)
Potions
 h - a potion of invisibility
 i - 2 potions of restore abilities
 r - 2 potions of might
 s - a potion of resistance


   Skills:
 + Level 9.0 Fighting
 - Level 14.0 Short Blades
 - Level 2.6 Throwing
 + Level 10.1 Dodging


You had 9 spell levels left.
You didn't know any spells.

Dungeon Overview and Level Annotations

Branches:
Dungeon (10/15)            Temple (0/1) D:5             Orc (0/4) D:10
   Lair: D:8-11

Altars:
Ashenzari
Kikubaaqudgha
Makhleb
Okawaru
Qazlal
Sif Muna
Trog
Vehumet
Zin
The Shining One
Jiyva

Shops:
D:7 :

Annotations:
D:2 exclusion: downstairs
D:10 Eustachio


Innate Abilities, Weirdness & Mutations

You are small and have problems with some larger weapons.
You are carnivorous and can eat meat at any time.


Message History

Something hits your troll.
Use which ability? (? or * to list)
Your ogre goes berserk!
You feel somewhat less full. The jackal completely misses you.
Your troll rages.
Eustachio mumbles some strange words.
Eustachio blinks!
The jackal completely misses you. The boring beetle bites you.
You hear a grinding noise. x2
An orc comes into view. It is wielding a dagger.
ATTACK MOVE TO (-1,0)
You hit the boring beetle but do no damage.
The jackal bites you but does no damage.
ATTACK MOVE TO (-1,0)
You hit the boring beetle but do no damage.
Your ogre hits the boring beetle with a giant club!
The boring beetle bites you.
You hear a grinding noise.
The orc priest mumbles some strange prayers to Beogh against you.
Something smites you!
You die...

#>.####### #
#...(<...#
##..#.....#.##
.......)))..#
##......))..#
#.####.#.### .
...T)#
.:#####O)###
........BKo#
#######hh##o..#
...#####oh)#
....)
.8......[8h#
.###
..?#####@r.# #
#5#.## ..##.#
#.>. #o# #.5
#.#


You could see a boring beetle, Eustachio, an orc priest, 3 orcs, an ufetubus, a
quokka, 3 jackals, a friendly troll (berserk) and a friendly ogre (berserk).

Table legend:
 A = Turns spent in this place as a percentage of turns spent in the entire game.
 B = Non-inter-level travel turns spent in this place as a percentage of non-inter-level travel turns spent in the entire game.
 C = Inter-level travel turns spent in this place as a percentage of turns spent in this place.
 D = Turns resting spent in this place as a percentage of non-inter-level travel turns spent in this place.
 E = Turns spent auto-exploring this place as a percentage of non-inter-level travel turns spent in this place.
 F = Non-inter-level travel turns spent in this place divided by the number of levels of this place that you've seen.
                   A       B       C       D       E      F
               +-------+-------+-------+-------+-------+----------------------
         Total | 100.0 | 100.0 |   0.9 |   3.9 |  10.0 | 460.2
       Dungeon | 100.0 | 100.0 |   0.9 |   3.9 |  10.0 | 460.2
               +-------+-------+-------+-------+-------+----------------------

Table legend:
 A = Kills in this place as a percentage of kills in entire the game.
 B = Kills by you in this place as a percentage of kills by you in the entire game.
 C = Kills by friends in this place as a percentage of kills by friends in the entire game.
 D = Other kills in this place as a percentage of other kills in the entire game.
 E = Experience gained in this place as a percentage of experience gained in the entire game.
 F = Experience gained in this place divided by the number of levels of this place that you have seen.
                   A       B       C       D       E      F
               +-------+-------+-------+-------+-------+----------------------
         Total | 100.0 | 100.0 |  -nan | 100.0 | 100.0 | 770.4
       Dungeon | 100.0 | 100.0 |  -nan | 100.0 | 100.0 | 770.4
               +-------+-------+-------+-------+-------+----------------------

Vanquished Creatures
  Grinder (D:5)
  2 hungry ghosts (D:8)
  A human (D:8)
  2 hippogriffs (D:9)
  A hog (D:8)
  A water moccasin (D:7)
  2 sky beasts
  2 ice beasts (D:6)
  2 phantoms
  2 orc warriors (D:8)
  5 ogres
  2 necrophages
  A centaur (D:7)
  A big kobold (D:8)
  A crocodile (D:7)
  Sigmund (D:5)
  The ghost of gw the Cutter, an average KoGl (D:3)
  6 giant frogs
  Blork the orc (D:9)
  2 scorpions (D:5)
  4 wights (D:6)
  6 killer bees (D:7)
  3 jellies
  3 crimson imps
  A quasit (D:10)
  8 orc priests
  A goliath beetle (D:9)
  3 hounds
  A two-headed ogre skeleton (D:6)
  A giant frog skeleton (D:6)
  5 orc wizards
  4 iguanas
  4 worker ants
  3 sheep (D:8)
  2 hound skeletons
  Terence (D:2)
  A mummy (D:4)
  2 worker ant zombies
  11 adders
  2 shadow imps
  2 giant mites
  A scorpion zombie (D:6)
  4 worms
  An orc zombie (D:7)
  2 orc skeletons
  4 giant geckos
  4 oozes
  59 orcs
  A ball python (D:2)
  14 bats
  4 giant cockroaches
  15 hobgoblins
  3 jackals
  5 quokkas
  A giant gecko skeleton (D:4)
  3 giant newts
  13 goblins
  13 kobolds
  A quokka skeleton (D:6)
  A quokka zombie (D:5)
  18 rats
272 creatures vanquished.

Vanquished Creatures (others)
  An orc wizard (D:5)
1 creature vanquished.

Grand Total: 273 creatures vanquished

Notes
Turn   | Place    | Note
--------------------------------------------------------------
     0 | D:1      | gw, the Kobold Gladiator, began the quest for the Orb.
     0 | D:1      | Reached XP level 1. HP: 12/12 MP: 1/1
    50 | D:1      | Reached XP level 2. HP: 5/18 MP: 2/2
   942 | D:1      | Reached XP level 3. HP: 22/22 MP: 3/3
  1427 | D:2      | Reached skill level 5 in Short Blades
  1458 | D:2      | Reached XP level 4. HP: 22/27 MP: 4/4
  1769 | D:2      | Found a bloodstained altar of Trog.
  1775 | D:2      | Became a worshipper of Trog the Wrathful
  1849 | D:2      | Found a deep blue altar of Sif Muna.
  1928 | D:2      | Noticed Terence
  1966 | D:2      | Killed Terence
  2017 | D:2      | Found an ancient bone altar of Kikubaaqudgha.
  2163 | D:3      | Noticed gw's ghost (average KoGl)
  2353 | D:3      | Reached XP level 5. HP: 18/32 MP: 5/5
  2467 | D:3      | Acquired Trog's first power
  2650 | D:3      | Killed gw's ghost
  2650 | D:3      | Reached skill level 6 in Short Blades
  2650 | D:3      | Reached XP level 6. HP: 13/38 MP: 6/6
  3089 | D:4      | Reached skill level 5 in Dodging
  3223 | D:4      | Reached skill level 7 in Short Blades
  3383 | D:4      | Found a radiant altar of Vehumet.
  3424 | D:4      | Found a viscous altar of Jiyva.
  3462 | D:4      | Reached XP level 7. HP: 22/43 MP: 7/7
  3673 | D:4      | Acquired Trog's second power
  3913 | D:4      | Reached skill level 8 in Short Blades
  4237 | D:4      | Found an iron altar of Okawaru.
  4689 | D:5      | Entered Level 5 of the Dungeon
  4843 | D:5      | Reached XP level 8. HP: 42/48 MP: 8/8
  5058 | D:5      | Found a glowing golden altar of the Shining One.
  5071 | D:5      | Reached skill level 5 in Fighting
  5136 | D:5      | Noticed Sigmund
  5188 | D:5      | Reached skill level 9 in Short Blades
  5207 | D:5      | Killed Sigmund
  5426 | D:5      | Found a staircase to the Ecumenical Temple.
  5688 | D:5      | Noticed Grinder
  5700 | D:5      | Paralysed by Grinder for 2 turns
  5711 | D:5      | Killed Grinder
  5711 | D:5      | Reached skill level 10 in Short Blades
  6123 | D:6      | Reached XP level 9. HP: 47/55 MP: 9/9
  6432 | D:6      | Reached skill level 11 in Short Blades
  6651 | D:6      | Found a burning altar of Makhleb.
  7110 | D:6      | Identified a scroll of acquirement
  7615 | D:7      | Reached skill level 12 in Short Blades
  7997 | D:7      | Found Thifufazxo's Book Shoppe.
  8047 | D:7      | Found a shattered altar of Ashenzari.
  8146 | D:7      | Acquired Trog's third power
  8163 | D:7      | Reached XP level 10. HP: 57/63 MP: 8/10
  8966 | D:8      | Reached skill level 13 in Short Blades
  9225 | D:8      | Found a burning altar of Makhleb.
  9233 | D:8      | Found a glowing silver altar of Zin.
  9233 | D:8      | Noticed an angel
  9233 | D:8      | Noticed a cacodemon
  9311 | D:8      | Got a dazzling ring mail
  9433 | D:8      | Identified the cursed -9 ring mail of Ymiusuur {Slay-2} (You found it on level 8 of the Dungeon)
 10462 | D:9      | Found a stormy altar of Qazlal.
 10877 | D:9      | Reached skill level 14 in Short Blades
 11072 | D:9      | Noticed Blork the orc
 11088 | D:9      | Killed Blork the orc
 11166 | D:9      | Found a bloodstained altar of Trog.
 11295 | D:9      | Reached skill level 10 in Dodging
 11581 | D:10     | Entered Level 10 of the Dungeon
 11661 | D:10     | Found a staircase to the Orcish Mines.
 11679 | D:10     | Noticed Eustachio
 11690 | D:10     | Killed from afar by an orc priest

Action                   |  1- 3 |  4- 6 |  7- 9 | 10-12 || total
-------------------------+-------+-------+-------+-------++-------
Melee: Cutlass           |   130 |   285 |   532 |       ||   947
       Quick blade       |       |       |   170 |   595 ||   765
Invok: Berserk           |       |     3 |     7 |     4 ||    14
       Trog's Hand       |       |       |     1 |       ||     1
       Brothers in Arms  |       |       |       |     2 ||     2
Evoke: Wand              |       |       |     1 |     1 ||     2
  Use: Potion            |     5 |     3 |     5 |     1 ||    14
       Scroll            |     4 |     3 |     9 |     4 ||    20
 Stab: Sleeping          |       |       |       |     1 ||     1
  Eat: Chunk             |    10 |    11 |    26 |    17 ||    64

Vault maps used:
D:1:      evilmike_arrival_run_for_it, hangedman_decor_push
D:2:      wad_pebble_path, lemuel_doored_altar, kiku_gazebo_pond_becter,
          first_bread, trog_three_pillars_becter, uniq_terence
D:4:      overflow_temple_1_default, old_standard_altar,
          gup_ossuary_entry_pyramid, serial_bayou, serial_bayou_pond_e,
          serial_bayou_pond_a, serial_bayou_lagoon_a, serial_bayou_pond_d,
          jiyva_altar_1
D:5:      lemuel_round_altar, temple_hall, minivault_5, uniq_grinder,
          uniq_sigmund
D:6:      makhleb_blood_cavern_becter
D:7:      kennysheep_mini, serial_shops, shop
D:8:      grunt_temple_overflow_order_and_chaos_2, grunt_decor_fettered,
          grunt_livestock, kennysheep_generic_room_8
D:9:      grunt_qazlal_sundering, lemuel_coloured_pillars_altar,
          serial_co_window_serial, co_window_corner_a, co_window_corner_a,
          co_window_paths_a, co_window_corner_a, co_window_corner_a,
          co_window_of_opportunity_b, co_window_broadway_c,
          co_window_unsneaky_path_b, co_window_of_opportunity_c,
          co_window_4corner_a, co_window_paths_e, glass_columns_a,
          glass_columns_c, glass_columns_a, uniq_blork_the_orc
D:10:     hiddenorc2_lemuel, erik_lair_boring, uniq_eustachio
